 Dungeon Crawl Stone Soup version 0.28.0-53-g5a82cb258f (webtiles) character file.

Game seed: 11153239306806034495

863 Gabide the Archer (level 7, -1/44 HPs)
             Began as a Deep Elf Hunter on June 17, 2022.
             Was a Priest of Jiyva.
             Slain by a water moccasin skeleton (3 damage)
             ... on level 5 of the Dungeon.
             The game lasted 00:07:35 (4259 turns).

Gabide the Archer (Deep Elf Hunter)                 Turns: 4259, Time: 00:07:36

Health: -1/44      AC:  7    Str: 15 (17) XL:     7   Next: 72%
Magic:  9/9        EV: 14    Int: 15 (16) God:    Jiyva [***...]
Gold:   34         SH:  0    Dex: 23 (25) Spells: 6/6 levels left

rFire   . . .      SeeInvis .   b - +2 mace of Balance {vorpal, rC+ Dex+4}
rCold   + + .      Faith    .   (no shield)
rNeg    . . .      Spirit   .   c - +0 leather armour
rPois   .          Reflect  .   (no helmet)
rElec   +          Harm     .   n - +0 cloak
rCorr   +          Rampage  .   (no gloves)
Will    .....                   u - +1 pair of boots
Stlth   ++........              (no amulet)
HPRegen 1.26/turn               m - ring of the Blind Eye {rC+ Str+6 Dex+6}
MPRegen 0.46/turn               s - ring of flight

@: flying
A: electricity resistance, wild magic 1, gelatinous body 1
a: Renounce Religion, Oozemancy


You were on level 5 of the Dungeon.
You worshipped Jiyva.
Jiyva was most pleased with you.
You visited 1 branch of the dungeon, and saw 5 of its levels.

You collected 92 gold pieces.
You spent 58 gold pieces at shops.

Inventory:

Hand Weapons
 a - a +1 shortbow
 b - the +2 mace of Balance (weapon) {vorpal, rC+ Dex+4}
   (You found it on level 2 of the Dungeon)

   It inflicts extra damage upon your enemies.
   Dex:       It affects your dexterity (+4).
   rC:        It protects you from cold.
 l - a +0 short sword
 p - a +2 antimagic short sword
Missiles
 d - 7 arrows
Armour
 c - a +0 leather armour (worn)
 n - a +0 cloak (worn)
 u - a +1 pair of boots (worn)
Jewellery
 m - the ring of the Blind Eye (left hand) {rC+ Str+6 Dex+6}
   (You found it on level 3 of the Dungeon)

   [ring of strength]

   Str:       It affects your strength (+6).
   Dex:       It affects your dexterity (+6).
   rC:        It protects you from cold.
 s - a ring of flight (right hand)
Wands
 r - a wand of digging (5)
Scrolls
 i - a scroll of noise {unknown}
 k - a scroll of teleportation {unknown}
 q - a scroll of identify {unknown}
 t - a scroll of silence {unknown}
Potions
 e - a potion of mutation
 o - a potion of flight {unknown}


   Skills:
 + Level 5.3 Fighting
 + Level 9.7 Bows
 - Level 2.4 Dodging
 - Level 1.2 Stealth


You had 6 spell levels left.
You didn't know any spells.
Your spell library contained the following spells:

 Spells                   Type           Power      Damage    Failure   Level
 Passwall                 Tmut/Erth      0%         N/A       54%         2


Dungeon Overview and Level Annotations

Branches:
Dungeon (5/15)
 Temple: D:4-7

Altars:
Hepliaklqana
Sif Muna
Trog
Xom
Jiyva

Shops:
D:4 [[[*?


Innate Abilities, Weirdness & Mutations

You are resistant to electric shocks. (rElec)
Your spells are a little harder to cast, but a little more powerful.
Your rubbery body absorbs attacks. (AC +1, EV +1)


Message History

The white imp gestures at you. The puff of frost hits you. You resist.
* * * LOW HITPOINT WARNING * * *
The adder barely misses you. The adder bites you.
* * * LOW HITPOINT WARNING * * *
You are lethally poisoned!
The adder poisons you!
You are too injured to fight recklessly!
You feel better. The hound bites you but does no damage.
The adder barely misses you. The white imp gestures at you.
The puff of frost hits you. You resist.
* * * LOW HITPOINT WARNING * * *
The adder misses you. The hound closely misses you.
A dart slug comes into view.
The adder closely misses you.
You hit the adder.
You kill the adder!
The hound barely misses you. The white imp closely misses you.
The adder closely misses you. The hound barely misses you.
The white imp gestures at you. The puff of frost misses you.
You hit the quokka.
You kill the quokka!
The adder closely misses you. The hound bites you but does no damage.
The adder bites you.
* * * LOW HITPOINT WARNING * * *
The white imp barely misses you. The hound bites you.
* * * LOW HITPOINT WARNING * * *
The water moccasin skeleton misses you.
You closely miss the adder. The hound bites you.
* * * LOW HITPOINT WARNING * * *
The adder closely misses you.
The water moccasin skeleton closely misses you.
The white imp gestures at you. The puff of frost hits you. You resist.
* * * LOW HITPOINT WARNING * * *
The hound barely misses you. The adder barely misses you.
The water moccasin skeleton bites you.
You die...

## ##########. .#
#...!...... .########
#.......... (........
#.......... ..#########
#.........#
..#.......#######S........#
.<#.#####..w...Z@h........#
..........#######5..(.....#
..#..####.#................
..........#.#####.........#
........#.# #####.(....
#..#......# .#####
#.........# .# ######.#..#
. .... .


You could see a hound, an adder, a white imp, a dart slug and a water moccasin
skeleton.

Vanquished Creatures
  Grinder (D:3)
  A sky beast (D:5)
  A scorpion (D:4)
  4 killer bees (D:4)
  A hound (D:5)
  A gnoll shaman (D:5)
  2 iguanas
  An orc wizard (D:4)
  9 gnolls
  6 adders
  An ufetubus (D:5)
  A worm (D:3)
  2 dart slugs
  6 orcs
  An endoplasm (D:1)
  4 giant cockroaches
  4 goblins
  8 hobgoblins
  2 jackals (D:4)
  9 quokkas
  4 ball pythons
  2 bats (D:1)
  6 frilled lizards
  4 kobolds (D:1)
  3 rats
84 creatures vanquished.

Vanquished Creatures (others)
  A crimson imp (D:4)
  3 gnolls (D:2)
  3 adders (D:2)
  A white imp (D:4)
  2 dart slugs
  2 endoplasms (D:4)
  An orc (D:3)
  3 goblins
  A quokka (D:2)
  A frilled lizard (D:2)
  A kobold (D:3)
  A rat (D:2)
  A plant (D:1)
21 creatures vanquished.

Grand Total: 105 creatures vanquished

Notes
Turn   | Place    | Note
-------+----------+-------------------------------------------
     0 | D:1      | Gabide the Deep Elf Hunter began the quest for the Orb.
     0 | D:1      | Reached XP level 1. HP: 12/12 MP: 3/3
   555 | D:1      | Reached XP level 2. HP: 17/17 MP: 4/4
  1479 | D:1      | Reached skill level 6 in Bows
  1505 | D:1      | Reached XP level 3. HP: 21/21 MP: 5/5
  1663 | D:1      | Found a faded altar of an unknown god.
  1885 | D:1      | Prayed at the altar of an unknown god.
  1885 | D:1      | Became a worshipper of Jiyva Jonkued the Shapeless
  1885 | D:1      | Reached * piety under Jiyva
  2005 | D:2      | Found a hazy altar of Hepliaklqana.
  2032 | D:2      | Identified the +2 mace of Balance {vorpal, rC+ Dex+4}
  2335 | D:2      | Reached ** piety under Jiyva
  2727 | D:3      | Identified the ring of the Blind Eye {rC+ Str+6 Dex+6}
  2792 | D:3      | Found a hazy altar of Hepliaklqana.
  2893 | D:3      | Reached *** piety under Jiyva
  2893 | D:3      | Gained mutation: Your melee attacks may engulf your foes in
                  | ooze. [Jiyva's grace]
  2893 | D:3      | Gained mutation: Your system is resistant to poisons.
                  | (rPois) [Jiyva's grace]
  2893 | D:3      | Gained mutation: You are covered in slimy tendrils that may
                  | disarm your opponents. [Jiyva's grace]
  2893 | D:3      | Gained mutation: Your rubbery body absorbs attacks. (AC +1,
                  | EV +1) [Jiyva's grace]
  2928 | D:3      | Reached XP level 4. HP: 27/27 MP: 6/6
  3210 | D:4      | Noticed Grinder
  3210 | D:4      | Found Pabauzaedd's Antique Armour Shop.
  3210 | D:4      | Found Jeetouc's Armour Boutique.
  3214 | D:4      | Paralysed by Grinder for 3 turns
  3349 | D:3      | Killed Grinder
  3350 | D:3      | Reached skill level 7 in Bows
  3350 | D:3      | Reached XP level 5. HP: 33/33 MP: 7/7
  3350 | D:3      | Reached XP level 6. HP: 38/38 MP: 8/8
  3457 | D:4      | Reached skill level 8 in Bows
  3538 | D:4      | Found a shimmering altar of Xom.
  3610 | D:4      | Found Erchu's Magic Scroll Shop.
  3675 | D:4      | Found Urchiug's General Store.
  3755 | D:4      | Found a shimmering blue altar of Sif Muna.
  3768 | D:4      | Noticed an orc warrior
  3772 | D:4      | Got Sif Muna's Volume of Moulding
  3806 | D:4      | Found a bloodstained altar of Trog.
  3806 | D:4      | Reached **** piety under Jiyva
  3814 | D:4      | Slimified an orc warrior
  3814 | D:4      | Noticed a slime creature
  3814 | D:4      | an orc warrior changed into a slime creature
  3833 | D:4      | Found Doutz's Armour Shop.
  4018 | D:4      | Bought a +0 pair of boots for 58 gold pieces
  4026 | D:5      | Entered Level 5 of the Dungeon
  4064 | D:4      | Reached XP level 7. HP: 17/44 MP: 7/9
  4107 | D:4      | Reached skill level 9 in Bows
  4170 | D:5      | Reached skill level 5 in Fighting
  4243 | D:5      | Lost mutation: Your melee attacks may engulf your foes in
                  | ooze. [potion of mutation]
  4243 | D:5      | Lost mutation: You are covered in slimy tendrils that may
                  | disarm your opponents. [potion of mutation]
  4243 | D:5      | Lost mutation: Your system is resistant to poisons. (rPois)
                  | [potion of mutation]
  4243 | D:5      | Gained mutation: You are resistant to electric shocks.
                  | (rElec) [potion of mutation]
  4243 | D:5      | Lost mutation: You are resistant to electric shocks.
                  | (rElec) [potion of mutation]
  4243 | D:5      | Gained mutation: You are resistant to electric shocks.
                  | (rElec) [potion of mutation]
  4243 | D:5      | Gained mutation: Your spells are a little harder to cast,
                  | but a little more powerful. [potion of mutation]
  4259 | D:5      | HP: 2/44 [white imp/puff of frost (3)]
  4259 | D:5      | Slain by a water moccasin skeleton

Illustrated notes

Levels and vault maps discovered:
D:1:      nzn_arrival_settlement, layout_basic, shapermc_ecumenical_altar_petra
D:2:      layout_basic, basic_altar
D:3:      layout_basic, old_standard_altar, minmay_fractal_squares_gapless_5
D:4:      layout_rooms, nzn_overflow_gifts_of_might_and_magic,
          mainiacjoe_overflow_tiny_flanked, serial_shops, shop,
          nicolae_stop_n_shop_2, nicolae_lakefront_shop, kennysheep_mini_moat,
          shop_fountains, minmay_fire_ice_demons, uniq_grinder
D:5:      layout_basic

Skill      XL: |  1  2  3  4  5  6  7 |
---------------+----------------------+-----
Fighting       | 2 3 4 5 |  5.3
Bows           | 6 7 8 9 |  9.7
Dodging        | |  2.4
Stealth        | |  1.2

Action                   |  1- 3 |  4- 6 |  7- 9 || total
-------------------------+-------+-------+-------++-------
Melee: Short sword       |    88 |       |       ||    88
       Punch             |     2 |     1 |     1 ||     4
       Mace              |    41 |    64 |    38 ||   143
 Fire: Shortbow          |    25 |    37 |    25 ||    87
Invok: Slimify           |       |     1 |       ||     1
       Oozemancy         |       |     1 |       ||     1
  Use: Potion            |       |       |     5 ||     5
       Scroll            |       |       |     2 ||     2
 Stab: Sleeping          |     4 |     1 |       ||     5
Armor: Leather armour    |    56 |    39 |    57 ||   152
Dodge: Dodged            |   114 |   118 |   137 ||   369
